 Dungeon Crawl Stone Soup version 0.30.0-18-gc0e69614cb (webtiles) character file.

Game seed: 6803531702049399380

3774 AiryTheDragon the Arsonist (level 9, -7/55 (57) HPs)
             Began as a Green Draconian Fire Elementalist on May 24, 2023.
             Was a Priest of Ru.
             Killed by the air
             ... invoked by Gastronok
              (14 damage)
             ... on level 8 of the Dungeon.
             The game lasted 01:15:20 (7764 turns).

AiryTheDragon the Arsonist (DrFE)                   Turns: 7764, Time: 01:15:21

HP:   -7/55 (57)    AC:  8    Str: 12    XL:     9   Next: 95%
MP:   10/19         EV: 12    Int: 17    God:    Ru [***...]
Gold: 42            SH:  0    Dex: 11    Spells: 4/22 levels left

rFire   + . .        t - +3 hand axe (distort)
rCold   x . .        (no shield)
rNeg    . . .        (body armour unavailable)
rPois   +            (helmet restricted)
rElec   .            a - +0 cloak
rCorr   .            (no gloves)
SInv    .            (no boots)
Will    +....        (no amulet)
Stlth   ++           o - ring of fire
HPRegen 0.29/turn    C - ring of willpower
MPRegen 0.16/turn

%: clarity
@: brilliant, exhausted, short of breath, extremely horrified, lightly drained
A: breathe noxious fumes, AC +7, unfitting armour, clumsy 1, poison resistance,
cold-blooded, hated by all, cowardly, clarity, frail 1
a: Breathe Noxious Fumes, Renounce Religion, Draw Out Power


You were on level 8 of the Dungeon.
You worshipped Ru.
Ru was most pleased with you.
You visited 2 branches of the dungeon, and saw 9 of its levels.
You also visited: Sewer.

You collected 448 gold pieces.
You spent 406 gold pieces at shops.

Inventory:

Hand Weapons
 q - a +4 whip
 t - a +3 hand axe of distortion (weapon)
 A - a +2 whip of venom
 E - a +1 spear of venom
 H - a +1 whip of holy wrath
Missiles
 b - 15 poisoned darts
 c - 59 stones
 x - 4 boomerangs
 z - 3 throwing nets
Armour
 a - a +0 cloak (worn)
 u - a +0 hat
Jewellery
 o - a ring of fire (left hand)
 C - a ring of willpower (right hand)
Wands
 w - a wand of polymorph (12)
 G - a wand of flame (6)
Scrolls
 e - a scroll of silence {unknown}
 f - a scroll of fear {unknown}
 g - 3 scrolls of teleportation
 h - a scroll of torment
 i - 3 scrolls of amnesia
 j - 2 scrolls of brand weapon
 l - a scroll of poison {unknown}
 m - a scroll of vulnerability {unknown}
 v - 3 scrolls of enchant armour
 y - 4 scrolls of summoning
 I - a scroll of fog {unknown}
Potions
 k - 5 potions of heal wounds
 n - 5 potions of berserk rage
 p - 5 potions of curing
 r - 3 potions of brilliance
 s - 2 potions of might
 B - a potion of lignification
 D - a potion of ambrosia
 J - a potion of haste


   Skills:
 + Level 1.3 Fighting
 + Level 2.2(2.7) Axes
 + Level 0.9(1.7) Maces & Flails
 + Level 1.7(2.3) Polearms
 + Level 1.0 Throwing
 + Level 2.5 Dodging
 + Level 3.6 Stealth
 + Level 7.1 Spellcasting
 + Level 3.3 Conjurations
 * Level 3.3 Hexes
 * Level 4.1 Translocations
 + Level 8.0 Fire Magic
 * Level 2.7 Ice Magic
 * Level 1.9 Evocations


You had 4 spell levels left.
You knew the following spells:

 Your Spells              Type           Power      Damage    Failure   Level
a - Foxfire               Conj/Fire      100%       2x1d9     1%          1
b - Scorch                Fire           94%        2d8       1%          2
c - Volatile Blastmotes   Fire/Tloc      74%        2d16      2%          3
d - Flame Wave            Conj/Fire      35%        2d10      11%         4
e - Gell's Gravitas       Tloc           18%        N/A       6%          3
f - Metabolic Englaciati  Hex/Ice        7%         N/A       65%         5

Your spell library contained the following spells:

 Spells                   Type           Power      Damage    Failure   Level
 Apportation              Tloc           36%        N/A       2%          1
 Inner Flame              Hex/Fire       35%        N/A       3%          3
 Iskenderun's Mystic Bla  Conj/Tloc      17%        2d5       24%         4


Dungeon Overview and Level Annotations

Branches:
Dungeon (8/15)             Temple (1/1) D:7           Sewer (visited)
   Lair: D:8-11

Altars:
Ashenzari
Cheibriados
Gozag
Okawaru
Qazlal
Ru
Sif Muna
Vehumet
Xom
The Shining One

Shops:
D:3 *   D:5 (   D:6 !

Annotations:
D:8 Gastronok


Innate Abilities, Weirdness & Mutations

You can breathe blasts of noxious fumes.
Your lurid green scales are hard. (AC +7)
You cannot fit into any form of body armour.
You are clumsy. (Dex -2)
Your system is resistant to poisons. (rPois)
You are cold-blooded and may be slowed by cold attacks.
You are hated by all.
Your cowardice makes you less effective in combat with threatening foes.
You possess an exceptional clarity of mind.
You are frail. (-10% HP)


Message History

You feel drained.
The yak is engulfed in noxious fumes.
The yak is stunned by your conviction and fails to attack.
The yak gores you.
The yak is no longer more vulnerable to fire.
The yak is engulfed in noxious fumes.
Found a stone staircase leading down.
Monsters!
Monsters everywhere!
You have to get out of here!
There is an escape hatch in the floor here.
Aiming: Throw Flame
Press: ? - help, Shift-Dir - straight line, f/p - Gastronok
Aim: Gastronok, wearing a +1 hat (almost dead, 100% to hit)
The puff of flame hits the yak.
The yak is almost dead.
Aiming: Throw Flame
Press: ? - help, Shift-Dir - straight line, f/p - Gastronok
Aim: Gastronok, wearing a +1 hat (almost dead, 100% to hit)
The puff of flame hits the yak.
You kill the yak!
Your Hexes skill increases to level 3!
Aiming: Throw Flame
Press: ? - help, Shift-Dir - straight line, f/p - Gastronok
Aim: Gastronok, wearing a +1 hat (almost dead, 100% to hit)
The puff of flame hits the yak.
The yak is moderately wounded.
Aiming: Throw Flame
Press: ? - help, Shift-Dir - straight line, f/p - Gastronok
Aim: Gastronok, wearing a +1 hat (almost dead, 100% to hit)
The puff of flame hits the yak.
The yak is heavily wounded.
Casting: Scorch (safe; 1% risk of failure)
Confirm with . or Enter, or press ? or * to list all spells.
You feel a strong surge of power!
Flames lash the yak.
The yak is heavily wounded.
The yak's fire resistance burns away.
The yak completely misses you.
Gastronok waves his eye-stalks in wide circles.
The air twists around and strikes you!!
* * * LOW HITPOINT WARNING * * *
Gastronok waves his eye-stalks in wide circles.
The air twists around and strikes you!
You die...

.#
#.##.#.......#
# .#
#.##.#.w.....#
#.##.##.######
#.##.##.#
..##.##†#
..##.##Y# #>#
#Y# #@# #.#
..# ..># .####
#. #


You could see Gastronok and 2 yaks.

Vanquished Creatures
  Maggie (D:7)
  Prince Ribbit (D:5)
  A hornet (D:7)
  Grinder (D:3)
  A yak (D:8)
  Eustachio (D:6)
  5 water moccasins
  An ice beast (D:8)
  2 sky beasts
  2 centaurs
  An ogre (D:6)
  A phantom (D:4)
  A kobold brigand (D:7)
  A bullfrog (D:6)
  4 scorpions
  The ghost of croobank the Insei, a weakling GnTm (D:3)
  4 electric eels (D:8)
  A howler monkey (D:7)
  6 hounds
  3 orc priests
  3 gnoll boudas
  4 iguanas
  A sleepcap (D:4)
  4 orc wizards
  14 gnolls
  2 river rats (Sewer)
  8 adders
  A white imp (D:8)
  2 worms (D:4)
  3 dart slugs
  17 orcs
  5 bats
  6 endoplasms
  A giant cockroach (D:1)
  6 goblins
  2 hobgoblins
  A jackal (D:4)
  5 quokkas
  11 ball pythons
  8 frilled lizards
  10 kobolds
  5 rats
158 creatures vanquished.

Vanquished Creatures (others)
  278 foxfires
278 creatures vanquished.

Grand Total: 436 creatures vanquished

Notes
Turn   | Place    | Note
-------+----------+-------------------------------------------
     0 | D:1      | AiryTheDragon the Draconian Fire Elementalist began the
                  | quest for the Orb.
     0 | D:1      | Reached XP level 1. HP: 14/14 MP: 3/3
    68 | D:1      | Got Uwiclol's Teachings on Curses
   272 | D:1      | Reached XP level 2. HP: 19/20 MP: 0/5
   754 | D:2      | Reached XP level 3. HP: 26/26 MP: 6/6
   776 | D:2      | Learned a level 2 spell: Scorch
   780 | D:2      | Learned a level 3 spell: Volatile Blastmotes
  1468 | D:3      | Found a faded altar of an unknown god.
  1491 | D:3      | Prayed at the altar of an unknown god.
  1491 | D:3      | Became a worshipper of Ru the Awakened
  1505 | D:3      | Reached XP level 4. HP: 34/34 MP: 0/7
  1505 | D:3      | Gained mutation: You are hated by all. [Ru sacrifice]
  1505 | D:3      | Reached * piety under Ru
  1633 | D:3      | Reached skill level 1 in Polearms
  1750 | D:3      | Reached skill level 4 in Fire Magic
  1903 | D:3      | Noticed Grinder
  1920 | D:3      | Paralysed by Grinder for 3 turns
  1928 | D:3      | HP: 1/34 [Grinder/nerve-wracking pain (12)]
  1929 | D:3      | Paralysed by Grinder for 2 turns
  1933 | D:3      | Killed Grinder
  1934 | D:3      | Reached XP level 5. HP: 10/39 MP: 5/9
  1934 | D:3      | Reached XP level 6. HP: 12/46 MP: 5/10
  2073 | D:3      | Found a runed translucent gate.
  2073 | D:3      | Found a runed translucent gate.
  2075 | D:3      | Found a runed translucent gate.
  2076 | D:3      | Found an opulent altar of Gozag.
  2077 | D:3      | Noticed croobank's ghost (weakling GnTm)
  2077 | D:3      | Noticed a water moccasin
  2357 | D:3      | Found Wosoghihu's General Store.
  2556 | D:3      | Learned a level 4 spell: Flame Wave
  2907 | D:4      | Found a glowing drain.
  2916 | D:4      | Reached skill level 1 in Fighting
  2924 | Sewer    | Entered a sewer
  3444 | D:4      | Reached skill level 5 in Fire Magic
  3556 | D:4      | Got the Octavo of Coordinates
  3868 | D:4      | Your scales start taking on a lurid green colour.
  3868 | D:4      | Reached XP level 7. HP: 52/52 MP: 5/12
  3868 | D:4      | Gained mutation: Your system is resistant to poisons.
                  | (rPois) [Green Draconian growth]
  4107 | D:5      | Entered Level 5 of the Dungeon
  4218 | D:5      | Noticed Prince Ribbit
  4225 | D:5      | Reached skill level 1 in Axes
  4237 | D:5      | Killed Prince Ribbit
  4439 | D:5      | Reached skill level 6 in Fire Magic
  4552 | D:5      | Found Poak's Weapon Shop.
  4566 | D:5      | Reached XP level 8. HP: 59/59 MP: 9/15
  4625 | D:5      | Reached skill level 5 in Spellcasting
  4747 | D:5      | Gained mutation: Your cowardice makes you less effective in
                  | combat with threatening foes. [Ru sacrifice]
  4747 | D:5      | Reached ** piety under Ru
  4977 | D:3      | Reached skill level 1 in Throwing
  4980 | D:3      | Killed croobank's ghost
  5197 | D:6      | Noticed Eustachio
  5207 | D:6      | Reached skill level 7 in Fire Magic
  5209 | D:6      | Killed Eustachio
  5409 | D:6      | Learned a level 3 spell: Gell's Gravitas
  5415 | D:6      | Learned a level 5 spell: Metabolic Englaciation
  5466 | D:6      | Found a stormy altar of Qazlal.
  5469 | D:6      | Noticed an air elemental
  5480 | D:6      | Found Loguq's Distillery.
  5495 | D:6      | Reached skill level 1 in Translocations
  5498 | D:6      | Reached skill level 1 in Ice Magic
  5571 | D:6      | Found a radiant altar of Vehumet.
  5862 | D:7      | Noticed a hornet
  5874 | D:7      | Killed a hornet
  5875 | D:7      | Reached skill level 1 in Hexes
  5875 | D:7      | Reached XP level 9. HP: 35/64 MP: 7/18
  6367 | D:7      | Found a staircase to the Ecumenical Temple.
  6398 | Temple   | Entered the Ecumenical Temple
  6974 | D:7      | Noticed Maggie
  6983 | D:7      | Killed Maggie
  6984 | D:7      | Reached skill level 1 in Evocations
  7183 | D:6      | Bought a potion of mutation for 112 gold pieces
  7183 | D:6      | Bought a potion of curing for 42 gold pieces
  7183 | D:6      | Bought a potion of curing for 42 gold pieces
  7183 | D:6      | Bought a potion of heal wounds for 70 gold pieces
  7183 | D:6      | Bought a potion of haste for 140 gold pieces
  7183 | D:6      | Gained mutation: You are frail. (-10% HP) [potion of
                  | mutation]
  7183 | D:6      | Gained mutation: You possess an exceptional clarity of
                  | mind. [potion of mutation]
  7225 | D:8      | Reached skill level 8 in Fire Magic
  7441 | D:8      | Gained mutation: You are clumsy. (Dex -2) [Ru sacrifice]
  7441 | D:8      | Reached *** piety under Ru
  7459 | D:8      | Noticed Gastronok
  7764 | D:8      | Killed from afar by Gastronok

Illustrated notes

Levels and vault maps discovered:
D:1:      wander_arrival_fairy_ring, layout_basic, grunt_decor_resistance,
          minmay_misc_feat_four_crosses, amcnicky_mini_pool_small,
          hangedman_decor_growths
D:2:      layout_loops_ring
D:3:      layout_loops_cross, dreamdust_ecumenical_altar_grove,
          ebering_ghost_gozag, serial_shops, nicolae_shop_hallway_plus,
          uniq_grinder
D:4:      minmay_wonky_spiral, layout_gridville, kennysheep_little_box,
          cheibrodos_sewer_entry_bend
D:5:      layout_cave_pools, serial_shops, nicolae_shop_waterfront,
          uniq_prince_ribbit1
D:6:      layout_rooms, nicolae_qazlal_style_of_elements, marbit_many_paths,
          serial_shops, nicolae_take_the_stairs, uniq_eustachio
D:7:      layout_cave_pods, minmay_temple_entry_junction_2, uniq_maggie
D:8:      layout_basic, grunt_temple_overflow_order_and_chaos_2,
          kennysheep_boxes, uniq_gastronok
Temple:   compressed_dpeg_circular_temple

Skill      XL: |  1  2  3  4  5  6  7  8  9 |
---------------+----------------------------+-----
Stealth        | 2 3 |  3.6
Dodging        | 2 |  2.5
Polearms       | 1 |  1.7
Fire Magic     | 4 5 6 7 8 |  8.0
Spellcasting   | 3 4 6 7 |  7.1
Conjurations   | 2 3 |  3.3
Fighting       | 1 |  1.3
Axes           | 1 2 |  2.2
Throwing       | 1 |  1.0
Translocations | 1 4 |  4.1
Ice Magic      | 1 2 |  2.7
Hexes          | 1 3 |  3.3
Evocations     | 1 |  1.9
Maces & Flails | |  0.9

Action                     |  1- 3 |  4- 6 |  7- 9 || total
---------------------------+-------+-------+-------++-------
  Melee: Spear             |    58 |     4 |       ||    62
         Tailslap          |     7 |     5 |     4 ||    16
         Unarmed           |     1 |       |       ||     1
         Whip              |       |    34 |       ||    34
         Hand axe          |       |    28 |    37 ||    65
         Punch             |       |     1 |     1 ||     2
  Throw: Dart              |       |     1 |     6 ||     7
   Cast: Foxfire           |    36 |    22 |   106 ||   164
         Scorch            |     1 |    32 |    74 ||   107
         Flame Wave        |       |       |     4 ||     4
         Volatile Blastmot |       |       |     1 ||     1
 Invoke: Sacrifice Love    |       |     1 |       ||     1
         Sacrifice Courage |       |       |     1 ||     1
         Draw Out Power    |       |       |     1 ||     1
         Sacrifice Purity  |       |       |     1 ||     1
Ability: Breathe Noxious F |       |       |     4 ||     4
  Evoke: Wand              |       |       |    14 ||    14
    Use: Potion            |       |     3 |     2 ||     5
         Scroll            |       |    12 |     8 ||    20
   Stab: Sleeping          |     7 |     4 |     3 ||    14
         Distracted        |       |     1 |       ||     1
 Armour: Skin              |    13 |    20 |    18 ||    51
  Dodge: Dodged            |    44 |    43 |    42 ||   129
